AoeStats
← Khirs

MegaRandom

509156592Analyzed
4v4 RM · 5d ago on Sep 25, 2026· 38m 44s· 8 players
Game mode
Random Map
Map size
Large (8 player)
Population
200
Speed
Normal
Resources
Standard
Victory
Conquest
Starting age
Dark Age
Ending age
Imperial Age
RankedLock teamsTeams togetherTeam positionsShared explorationLock speedFull tech treeHidden civsTurbo modeCheats
Victory
Defeat
🇩🇪 Huns · Germany
788
+13
🇩🇪 Huns · Germany
765
+14
🇪🇸 Chinese · Spain
746
+14
🇨🇱 Poles · Chile
720
+16
🇵🇱 Poles · Poland
747
-15
🇭🇰 Britons · Hong Kong SAR China
703
-14
🇭🇰 Shu · Hong Kong SAR China
699
-14
🇭🇰 Vikings · Hong Kong SAR China
698
-14
DEMBOW
10:41 Feudal Age
11:59 Wheelbarrow
11:12 Double-Bit Axe
19:32 Castle Age
18:04 Gold Mining
18:15 Horse Collar
20:37 Hand Cart
22:21 Bloodlines
22:11 Husbandry
22:50 Bow Saw
32:05 Imperial Age
31:10 Forging
31:05 Scale Barding Armor
33:30 Conscription
32:32 Cavalier
34:51 Fletching
35:01 Padded Archer Armor
35:42 Iron Casting
35:27 Chain Barding Armor
Khirs
0:49 Loom
12:32 Feudal Age
13:01 Double-Bit Axe
13:45 Horse Collar
20:03 Castle Age
18:01 Stone Mining
19:00 Forging
19:10 Gold Mining
19:57 Scale Mail Armor
21:31 Stone Shaft Mining
20:49 Crossbowman
21:37 Pikeman
23:03 Fletching
24:38 Gold Shaft Mining
24:57 Bodkin Arrow
26:31 Heavy Plow
31:38 Ballistics
35:22 Imperial Age
33:22 Murder Holes
35:29 Halberdier
36:39 Conscription
38:12 Chemistry
37:24 Bracer
37:51 Padded Archer Armor
Duckface
12:30 Feudal Age
15:41 Double-Bit Axe
16:15 Bloodlines
18:45 Castle Age
20:13 Scale Barding Armor
22:12 Forging
26:39 Iron Casting
28:40 Fletching
30:48 Wheelbarrow
32:31 Thumb Ring
34:45 Loom
36:35 Ballistics
38:56 Imperial Age
36:39 Bodkin Arrow
Señor_Bingus
2:15 Loom
12:12 Feudal Age
16:54 Castle Age
14:48 Double-Bit Axe
15:01 Horse Collar
22:15 Forging
22:13 Scale Barding Armor
22:42 Bloodlines
24:15 Husbandry
27:53 Wheelbarrow
28:18 Bow Saw
30:57 Heavy Plow
33:57 Iron Casting
33:43 Chain Barding Armor
DEVILNATURE
0:47 Loom
11:24 Feudal Age
14:02 Wheelbarrow
13:18 Double-Bit Axe
23:56 Castle Age
25:08 Pikeman
26:43 Scale Mail Armor
26:44 Padded Archer Armor
28:03 Padded Archer Armor
29:38 Hand Cart
31:24 Stone Mining
32:19 Elite Skirmisher
33:41 Leather Archer Armor
35:00 Elite Skirmisher
On2toy
12:54 Feudal Age
14:06 Double-Bit Axe
14:04 Horse Collar
18:36 Wheelbarrow
22:07 Castle Age
21:28 Padded Archer Armor
21:19 Fletching
21:59 Arson
22:52 Squires
22:38 Gambesons
22:13 Pikeman
23:25 Pikeman
24:05 Squires
23:51 Gambesons
23:52 Arson
24:49 Bow Saw
25:05 Coiled Serpent Array
26:30 Heavy Plow
26:54 Hand Cart
27:25 Gold Mining
32:48 Imperial Age
31:35 Bodkin Arrow
31:56 Leather Archer Armor
31:51 Forging
31:41 Scale Mail Armor
34:33 Halberdier
Cherr
13:05 Feudal Age
19:09 Castle Age
17:50 Double-Bit Axe
18:11 Horse Collar
19:16 Stone Mining
21:47 Gold Mining
23:55 Fletching
26:49 Heavy Plow
27:18 Scale Barding Armor
27:40 Szlachta Privileges
30:19 Wheelbarrow
31:16 Husbandry
31:27 Bloodlines
31:43 Chain Barding Armor
37:24 Imperial Age
37:56 Forging
37:58 Bow Saw
arbeecheung
13:27 Feudal Age
14:20 Double-Bit Axe
14:18 Horse Collar
23:03 Castle Age
24:02 Bow Saw
23:56 Heavy Plow
23:48 Gold Mining
23:48 Stone Mining
26:56 Elite Skirmisher
27:39 Fletching
27:49 Padded Archer Armor
30:31 Imperial Age
30:04 Bodkin Arrow
31:23 Light Cavalry
35:59 Leather Archer Armor
35:45 Bracer
36:43 Forging
37:52 Crop Rotation
Connection lost

Rejoining the realm…

Still unreachable

The connection could not be restored.

Session expired

The server has moved on; the page needs a fresh start.